NYP
CONNECTICUT TIGERS @ IDAHO FALLS CHUKARS
06/12/2044
 
TOP OF THE 1ST
Connecticut Tigers batting - Pitching for Idaho Falls Chukars : RHP Travis Stump
Pitching: RHP Travis Stump
Batting: RHB Tanner Purchase 0-0: Ball
1-0: Called Strike
1-1: Foul Ball, location: 2F
1-2: Foul Ball, location: 2F
1-2: Strikes out swinging
Batting: SHB Adam Weber 0-0: Ball
1-0: Ball
2-0: Foul Ball, location: 2F
2-1: Foul Ball, location: 2F
2-2: DOUBLE (Line Drive, 9LM, EV 103.8 MPH)
Batting: RHB Eric Angelle 0-0: Foul Ball, location: 2F
0-1: Ball
1-1: SINGLE (Line Drive, 34D, EV 102.5 MPH)
Adam Weber to third
Runner from 3rd tries for Home, SAFE, throw by RF to home
Eric Angelle to second
Batting: RHB Keith Hoffman 0-0: Swinging Strike
0-1: Ball
1-1: Swinging Strike
1-2: SINGLE (Groundball, 6MD, EV 101.9 MPH)
Eric Angelle to third
Runner from 3rd tries for Home, SAFE, throw by CF to home
Batting: RHB Tommy McDonald 0-0: Ball
1-0: Foul Ball, location: 2F
1-1: Ball
2-1: Foul Ball, location: 2F
2-2: SINGLE (Groundball, 56D, EV 100.6 MPH)
Keith Hoffman to second
Pitching: RHP Tony Jimenez
Batting: SHB Sean Foley 0-0: Swinging Strike
0-1: Foul Ball, location: 2F
0-2: Foul Ball, location: 2F
0-2: Ball
1-2: Ball
2-2: Ball
3-2: Strikes out swinging
Batting: LHB Miguel Bojorquez 0-0: SINGLE (Groundball, 6MD, EV 95.6 MPH)
Keith Hoffman to third
Tommy McDonald to second
Runner from 3rd tries for Home, SAFE, throw by CF to home
Batting: RHB Billy Verdusco 0-0: Ball
1-0: Foul Ball, location: 2F
1-1: Foul Ball, location: 2F
1-2: Foul Ball, location: 2F
1-2: Foul Ball, location: 2F
1-2: Ball
2-2: Foul Ball, location: 2F
2-2: Foul Ball, location: 2F
2-2: Foul Ball, location: 2F
2-2: Fly out, F7 (Flyball, 7LM, EV 90.6 MPH)
Top of the 1st over - 3 runs, 5 hits, 0 errors, 2 left on base; Connecticut 3 - Idaho Falls 0
BOTTOM OF THE 1ST
Idaho Falls Chukars batting - Pitching for Connecticut Tigers : LHP Ben Saunders
Pitching: LHP Ben Saunders
Batting: RHB Chad Sullivan 0-0: Called Strike
0-1: Bunt for hit to 3S - play at first, batter OUT! 3-4
Batting: RHB Eric Erickson 0-0: Called Strike
0-1: Ball
1-1: Ball
2-1: Swinging Strike
2-2: Ball
3-2: Strikes out swinging
Batting: RHB Edite Leoni 0-0: Foul Ball, location: 2F
0-1: Ball
1-1: Foul Ball, location: 2F
1-2: Ball
2-2: Ball
3-2: Fly out, F7 (Flyball, 7LM, EV 92.5 MPH)
Bottom of the 1st over - 0 runs, 0 hits, 0 errors, 0 left on base; Connecticut 3 - Idaho Falls 0
TOP OF THE 2ND
Connecticut Tigers batting - Pitching for Idaho Falls Chukars : RHP Tony Jimenez
Pitching: RHP Rich Frontczak
Batting: RHB Jeremy Guidone 0-0: Called Strike
0-1: Ground out 6-3 (Groundball, P, EV 85.0 MPH)
Batting: RHB Tanner Purchase 0-0: Foul Ball, location: 2F
0-1: Ball
1-1: Called Strike
1-2: Ball
2-2: Ball
3-2: Foul Ball, location: 2F
3-2: Strikes out swinging
Batting: SHB Adam Weber 0-0: Called Strike
0-1: Fly out, F7 (Flyball, 7D, EV 96.2 MPH)
Top of the 2nd over - 0 runs, 0 hits, 0 errors, 0 left on base; Connecticut 3 - Idaho Falls 0
BOTTOM OF THE 2ND
Idaho Falls Chukars batting - Pitching for Connecticut Tigers : LHP Ben Saunders
Batting: LHB John Wagner 0-0: Foul Ball, location: 2F
0-1: Ball
1-1: Ball
2-1: Fly out, F4 (Line Drive, 4, EV 67.5 MPH)
Batting: RHB Ken Postlethwaite 0-0: Ball
1-0: Ball
2-0: Foul Ball, location: 2F
2-1: Foul Ball, location: 2F
2-2: Ball
3-2: Base on Balls
Batting: RHB Nate De Jongh 0-0: Called Strike
0-1: Called Strike
0-2: Ball
1-2: Foul Ball, location: 2F
1-2: Ball
2-2: Foul Ball, location: 2F
2-2: Foul Ball, location: 2F
2-2: Foul Ball, location: 2F
2-2: Strikes out swinging
Batting: RHB Eric Dyer 0-0: Called Strike
0-1: Called Strike
0-2: Strikes out swinging
Bottom of the 2nd over - 0 runs, 0 hits, 0 errors, 1 left on base; Connecticut 3 - Idaho Falls 0
TOP OF THE 3RD
Connecticut Tigers batting - Pitching for Idaho Falls Chukars : RHP Rich Frontczak
Batting: RHB Eric Angelle 0-0: Called Strike
0-1: DOUBLE (Flyball, 8RXD, EV 100.6 MPH)
Batting: RHB Keith Hoffman 0-0: Ball
1-0: Called Strike
1-1: Ground out 5-3 (Groundball, 56, EV 85.0 MPH)
Batting: RHB Tommy McDonald 0-0: Ball
1-0: Ball
2-0: Ball
3-0: Base on Balls
Batting: SHB Sean Foley 0-0: Called Strike
0-1: Foul Ball, location: 2F
0-2: Ball
1-2: Ball
2-2: Ball
3-2: SINGLE (Line Drive, 4D, EV 97.5 MPH)
Eric Angelle to third
Tommy McDonald to second
Batting: LHB Miguel Bojorquez 0-0: Ball
1-0: Ball
2-0: Ball
3-0: Base on Balls
Eric Angelle scores
Tommy McDonald to third
Sean Foley to second
Batting: RHB Billy Verdusco 0-0: Ball
1-0: Ball
2-0: Ball
3-0: Base on Balls
Tommy McDonald scores
Sean Foley to third
Miguel Bojorquez to second
Batting: RHB Jeremy Guidone 0-0: Ball
1-0: Fly out, F9 (Flyball, 89D, EV 88.1 MPH)
Runner from 3rd tags up, SCORES, throw by RF
Miguel Bojorquez to third
Batting: RHB Tanner Purchase 0-0: Called Strike
0-1: Ball
1-1: Swinging Strike
1-2: DOUBLE (Line Drive, 89D, EV 106.9 MPH)
Miguel Bojorquez scores
Billy Verdusco to third
Runner from 3rd tries for Home, SAFE, throw by RF to trailing runner, OUT at third! 9-3-5
Top of the 3rd over - 5 runs, 3 hits, 0 errors, 0 left on base; Connecticut 8 - Idaho Falls 0
BOTTOM OF THE 3RD
Idaho Falls Chukars batting - Pitching for Connecticut Tigers : LHP Ben Saunders
Batting: RHB Ben Minge 0-0: Swinging Strike
0-1: Ball
1-1: Ball
2-1: Swinging Strike
2-2: Strikes out swinging wild pitch, reaches first!
Batting: RHB Timotheus Cooper 0-0: Swinging Strike
0-1: SINGLE (Line Drive, 6MD, EV 93.8 MPH)
Ben Minge to second
Batting: RHB Chad Sullivan 0-0: Fly out, F8 (Flyball, 8LM, EV 78.8 MPH)
Batting: RHB Eric Erickson 0-0: Grounds into double play, 6-4-3 (Groundball, 6, EV 82.5 MPH)
Bottom of the 3rd over - 0 runs, 1 hit, 0 errors, 1 left on base; Connecticut 8 - Idaho Falls 0
TOP OF THE 4TH
Connecticut Tigers batting - Pitching for Idaho Falls Chukars : RHP Rich Frontczak
Batting: SHB Adam Weber 0-0: Ball
1-0: Ball
2-0: Called Strike
2-1: Ball
3-1: SINGLE (Flyball, 9LS, EV 91.2 MPH)
Batting: RHB Eric Angelle 0-0: Fielders Choice at 2nd, 4-6 (Groundball, 4, EV 88.8 MPH)
Batting: RHB Keith Hoffman 0-0: Swinging Strike
0-1: Ball
1-1: Fly out, F9 (Line Drive, 9, EV 85.0 MPH)
Batting: RHB Tommy McDonald 0-0: Ball
1-0: Called Strike
1-1: Foul Ball, location: 2F
1-2: DOUBLE (Line Drive, 9LS, EV 99.4 MPH)
Eric Angelle to third
Runner from 3rd tries for Home, SAFE, throw by RF to home
Batting: SHB Sean Foley 0-0: Foul Ball, location: 2F
0-1: TRIPLE (Flyball, 9LD, EV 114.4 MPH)
Tommy McDonald scores
Pitching: RHP Kevin Allen
Batting: LHB Miguel Bojorquez 0-0: Foul Ball, location: 2F
0-1: Ball
1-1: Ball
2-1: Ball
3-1: Foul Ball, location: 2F
3-2: Ground out U3 (Groundball, 3, EV 82.5 MPH)
Top of the 4th over - 2 runs, 3 hits, 0 errors, 1 left on base; Connecticut 10 - Idaho Falls 0
BOTTOM OF THE 4TH
Idaho Falls Chukars batting - Pitching for Connecticut Tigers : LHP Ben Saunders
Batting: RHB Edite Leoni 0-0: Ground out 6-3 (Groundball, P, EV 85.6 MPH)
Batting: LHB John Wagner 0-0: Ball
1-0: Ball
2-0: Ball
3-0: Called Strike
3-1: Foul Ball, location: 2F
3-2: Strikes out swinging
Batting: RHB Ken Postlethwaite 0-0: Ball
1-0: Ball
2-0: Ball
3-0: Called Strike
3-1: Called Strike
3-2: Strikes out swinging
Bottom of the 4th over - 0 runs, 0 hits, 0 errors, 0 left on base; Connecticut 10 - Idaho Falls 0
TOP OF THE 5TH
Connecticut Tigers batting - Pitching for Idaho Falls Chukars : RHP Kevin Allen
Batting: RHB Billy Verdusco 0-0: Ball
1-0: Foul Ball, location: 2F
1-1: Ball
2-1: Swinging Strike
2-2: Ball
3-2: Base on Balls
Batting: RHB Jeremy Guidone 0-0: Foul Ball, location: 2F
0-1: Foul Ball, location: 2F
0-2: Fielders Choice at 2nd, 3-6 (Groundball, 34, EV 90.6 MPH)
Batting: RHB Tanner Purchase 0-0: Ball
1-0: Ball
2-0: Ball
3-0: Base on Balls
Jeremy Guidone to second
Pitching: LHP Randy Stapleton
Batting: SHB Adam Weber 0-0: Called Strike
0-1: Ball
1-1: Ball
2-1: Ball
3-1: Base on Balls
Jeremy Guidone to third
Tanner Purchase to second
Batting: RHB Eric Angelle 0-0: Ball
Balk!
Jeremy Guidone scores
Tanner Purchase to third
Adam Weber to second
1-0: Called Strike
1-1: Foul Ball, location: 2F
1-2: Ball
2-2: Ball
3-2: Foul Ball, location: 2F
3-2: Foul Ball, location: 2F
3-2: Base on Balls
Batting: RHB Keith Hoffman 0-0: Called Strike
0-1: Ball
1-1: Ball
Passed Ball!
Tanner Purchase scores
Adam Weber to third
Eric Angelle to second
2-1: Called Strike
2-2: Foul Ball, location: 2F
2-2: SINGLE (Groundball, 6MD, EV 104.4 MPH)
Adam Weber scores
Eric Angelle to third
Pitching: RHP Jeremy Haun
Batting: RHB Tommy McDonald 0-0: Swinging Strike
0-1: Ball
1-1: Ball
Wild Pitch!
Eric Angelle scores
Keith Hoffman to second
2-1: Ball
3-1: Base on Balls
Batting: SHB Sean Foley 0-0: Foul Ball, location: 2F
0-1: Swinging Strike
0-2: Ball
Wild Pitch!
Keith Hoffman to third
Tommy McDonald to second
1-2: Foul Ball, location: 2F
1-2: Fly out, F8 (Line Drive, 8RD, EV 107.5 MPH)
Runner from 3rd tags up, SCORES, throw by CF
Tommy McDonald to third
Batting: LHB Miguel Bojorquez 0-0: Ball
1-0: Ball
2-0: Ball
3-0: Foul Ball, location: 2F
3-1: SINGLE (Groundball, 34D, EV 100.0 MPH)
Tommy McDonald scores
Batting: RHB Billy Verdusco 0-0: Ball
1-0: Foul Ball, location: 2F
1-1: Swinging Strike
1-2: Strikes out looking
Top of the 5th over - 6 runs, 2 hits, 0 errors, 1 left on base; Connecticut 16 - Idaho Falls 0
BOTTOM OF THE 5TH
Idaho Falls Chukars batting - Pitching for Connecticut Tigers : LHP Ben Saunders
Batting: RHB Nate De Jongh 0-0: Called Strike
0-1: Called Strike
0-2: Strikes out looking
Batting: RHB Eric Dyer 0-0: Foul Ball, location: 2F
0-1: Foul Ball, location: 2F
0-2: Foul Ball, location: 2F
0-2: Ball
1-2: Ball
2-2: Fly out, F8 (Flyball, 89S, EV 91.2 MPH)
Batting: RHB Ben Minge 0-0: Called Strike
0-1: Ball
1-1: Ball
2-1: Ground out 4-3 (Groundball, 4, EV 87.5 MPH)
Bottom of the 5th over - 0 runs, 0 hits, 0 errors, 0 left on base; Connecticut 16 - Idaho Falls 0
TOP OF THE 6TH
Connecticut Tigers batting - Pitching for Idaho Falls Chukars : RHP Jeremy Haun
Batting: RHB Jeremy Guidone 0-0: Ball
1-0: Foul Ball, location: 2F
1-1: Foul Ball, location: 2F
1-2: Ball
2-2: Ball
3-2: Base on Balls
Batting: RHB Tanner Purchase 0-0: Ball
1-0: Ball
Balk!
Jeremy Guidone to second
2-0: Ball
Passed Ball!
Jeremy Guidone to third
3-0: Base on Balls
Batting: SHB Adam Weber Balk!
Jeremy Guidone scores
Tanner Purchase to second
0-0: Ground out 6-3 (Groundball, 6, EV 80.0 MPH)
Tanner Purchase to third
Batting: RHB Eric Angelle 0-0: Ball
1-0: Ball
2-0: Ball
3-0: Called Strike
3-1: Ground out 5-3 (Groundball, 56S, EV 70.6 MPH)
Tanner Purchase scores
Batting: RHB Keith Hoffman 0-0: Ball
1-0: Ball
2-0: Called Strike
2-1: Ball
3-1: Called Strike
3-2: Foul Ball, location: 2F
3-2: Foul Ball, location: 2F
3-2: Foul Ball, location: 2F
3-2: Foul Ball, location: 2F
3-2: SINGLE (Line Drive, 89S, EV 94.4 MPH)
Batting: RHB Tommy McDonald 0-0: Called Strike
0-1: Ball
1-1: Fielders Choice at 2nd, 5-4 (Groundball, 56, EV 86.9 MPH)
Top of the 6th over - 2 runs, 1 hit, 0 errors, 1 left on base; Connecticut 18 - Idaho Falls 0
BOTTOM OF THE 6TH
Idaho Falls Chukars batting - Pitching for Connecticut Tigers : LHP Ben Saunders
Batting: RHB Timotheus Cooper 0-0: Ball
1-0: Foul Ball, location: 2F
1-1: Called Strike
1-2: Strikes out swinging
Batting: RHB Chad Sullivan 0-0: Called Strike
0-1: Swinging Strike
0-2: Ball
1-2: Strikes out swinging
Batting: RHB Eric Erickson 0-0: Ball
1-0: Ball
2-0: Ball
3-0: Called Strike
3-1: Swinging Strike
3-2: Strikes out swinging
Bottom of the 6th over - 0 runs, 0 hits, 0 errors, 0 left on base; Connecticut 18 - Idaho Falls 0
TOP OF THE 7TH
Connecticut Tigers batting - Pitching for Idaho Falls Chukars : RHP Jeremy Haun
Batting: SHB Sean Foley 0-0: Ball
1-0: Called Strike
1-1: Foul Ball, location: 2F
1-2: Ball
2-2: Ball
3-2: Ground out U3 (Groundball, 3, EV 103.1 MPH)
Batting: LHB Miguel Bojorquez 0-0: Called Strike
0-1: Ball
1-1: Ball
2-1: SINGLE (Line Drive, 7S, EV 98.8 MPH)
Batting: RHB Billy Verdusco Balk!
Miguel Bojorquez to second
0-0: Ball
1-0: Called Strike
1-1: Ball
2-1: Called Strike
2-2: Ball
3-2: Ground out 5-3 (Groundball, 15, EV 83.8 MPH)
Batting: RHB Jeremy Guidone 0-0: Fly out, F6 (Line Drive, 6, EV 71.9 MPH)
Top of the 7th over - 0 runs, 1 hit, 0 errors, 1 left on base; Connecticut 18 - Idaho Falls 0
BOTTOM OF THE 7TH
Idaho Falls Chukars batting - Pitching for Connecticut Tigers : LHP Ben Saunders
Batting: RHB Edite Leoni 0-0: Hit by Pitch
Batting: LHB John Wagner Balk!
Edite Leoni to second
0-0: Called Strike
0-1: Ball
1-1: Ball
2-1: Swinging Strike
2-2: Foul Ball, location: 2F
2-2: Strikes out swinging
Batting: RHB Ken Postlethwaite 0-0: Ball
1-0: Foul Ball, location: 2F
1-1: Ball
2-1: Called Strike
2-2: Ball
3-2: Strikes out swinging
Pitching: RHP Vic Flores
Batting: RHB Nate De Jongh 0-0: Ball
1-0: Called Strike
1-1: Foul Ball, location: 2F
1-2: Strikes out swinging
Bottom of the 7th over - 0 runs, 0 hits, 0 errors, 1 left on base; Connecticut 18 - Idaho Falls 0
TOP OF THE 8TH
Connecticut Tigers batting - Pitching for Idaho Falls Chukars : RHP Jeremy Haun
Batting: RHB Tanner Purchase 0-0: Ball
1-0: Ball
2-0: Called Strike
2-1: Foul Ball, location: 2F
2-2: Foul Ball, location: 2F
2-2: Hit by Pitch
Batting: SHB Adam Weber 0-0: Ball
Passed Ball!
Tanner Purchase to second
1-0: Ball
2-0: Ball
3-0: Called Strike
3-1: Base on Balls
Pinch Hitting: RHB John Welch 0-0: Ball
1-0: Foul Ball, location: 2F
1-1: Swinging Strike
1-2: Hit by Pitch
Tanner Purchase to third
Adam Weber to second
Batting: RHB Keith Hoffman 0-0: Ball
1-0: Swinging Strike
1-1: Ball
2-1: Swinging Strike
2-2: Reached on error, E6 (Groundball, 56, EV 105.0 MPH)
Tanner Purchase scores
Adam Weber to third
John Welch to second
Batting: RHB Tommy McDonald 0-0: Ball
1-0: Called Strike
Balk!
Adam Weber scores
John Welch to third
Keith Hoffman to second
1-1: Ball
2-1: Ball
3-1: Foul Ball, location: 2F
3-2: Fly out, F9 (Flyball, 89S, EV 96.2 MPH)
Runner from 3rd tags up, SCORES, throw by RF
Keith Hoffman to third
Batting: SHB Sean Foley 0-0: DOUBLE (Groundball, 5L, EV 100.6 MPH)
Keith Hoffman scores
Batting: LHB Miguel Bojorquez 0-0: Called Strike
0-1: Hit by Pitch
Batting: RHB Billy Verdusco 0-0: SINGLE (Line Drive, 78S, EV 110.6 MPH)
Sean Foley to third
Miguel Bojorquez to second
Runner from 3rd tries for Home, SAFE, throw by LF to home
Batting: RHB Jeremy Guidone 0-0: Ball
1-0: Ball
2-0: Ball
3-0: Called Strike
3-1: Base on Balls
Miguel Bojorquez to third
Billy Verdusco to second
Batting: RHB Tanner Purchase 0-0: Ball
1-0: Ball
2-0: Swinging Strike
2-1: Ball
Balk!
Miguel Bojorquez scores
Billy Verdusco to third
Jeremy Guidone to second
3-1: Called Strike
3-2: Strikes out looking
Pinch Hitting: RHB Mike Sebastian 0-0: Swinging Strike
0-1: Foul Ball, location: 2F
Balk!
Billy Verdusco scores
Jeremy Guidone to third
0-2: Ball
1-2: Strikes out swinging
Top of the 8th over - 7 runs, 2 hits, 1 error, 1 left on base; Connecticut 25 - Idaho Falls 0
BOTTOM OF THE 8TH
Idaho Falls Chukars batting - Pitching for Connecticut Tigers : RHP Vic Flores
Now at 1B: John Welch
Now at SS: Mike Sebastian
Batting: RHB Eric Dyer 0-0: Ball
1-0: Ball
2-0: Ball
3-0: Called Strike
3-1: Foul Ball, location: 2F
3-2: Ground out U3 (Groundball, 3S, EV 65.6 MPH)
Batting: RHB Ben Minge 0-0: Called Strike
0-1: Ball
1-1: Ball
2-1: Ball
3-1: Foul Ball, location: 2F
3-2: Ground out 6-3 (Groundball, 6, EV 86.2 MPH)
Batting: RHB Timotheus Cooper 0-0: Fly out, F4 (Flyball, 4D, EV 86.9 MPH)
Bottom of the 8th over - 0 runs, 0 hits, 0 errors, 0 left on base; Connecticut 25 - Idaho Falls 0
TOP OF THE 9TH
Connecticut Tigers batting - Pitching for Idaho Falls Chukars : RHP Jeremy Haun
Batting: RHB John Welch 0-0: Foul Ball, location: 2F
0-1: Ball
1-1: Swinging Strike
1-2: Strikes out looking and he ARGUES THE CALL AND IS TOSSED!
Batting: RHB Keith Hoffman 0-0: Called Strike
0-1: Foul Ball, location: 2F
0-2: SINGLE (Groundball, 6MD, EV 106.2 MPH)
Batting: RHB Tommy McDonald 0-0: Fielders Choice at 2nd, 4-6 (Groundball, 34, EV 103.8 MPH)
Batting: SHB Sean Foley 0-0: SINGLE (Line Drive, 89M, EV 107.5 MPH)
Tommy McDonald to second
Batting: LHB Miguel Bojorquez 0-0: Ball
1-0: Ground out 4-3 (Groundball, 4, EV 83.1 MPH)
Top of the 9th over - 0 runs, 2 hits, 0 errors, 2 left on base; Connecticut 25 - Idaho Falls 0
BOTTOM OF THE 9TH
Idaho Falls Chukars batting - Pitching for Connecticut Tigers : RHP Vic Flores
Now at 1B: Dan Crutchfield
Batting: RHB Chad Sullivan 0-0: Ball
1-0: Swinging Strike
1-1: Swinging Strike
1-2: Ball
2-2: Ball
3-2: Strikes out swinging
Batting: RHB Eric Erickson 0-0: Ball
1-0: Ball
2-0: Called Strike
2-1: Swinging Strike
2-2: Strikes out looking
Batting: RHB Edite Leoni 0-0: Ball
1-0: Called Strike
1-1: Ground out 6-3 (Groundball, 6S, EV 84.4 MPH)
Bottom of the 9th over - 0 runs, 0 hits, 0 errors, 0 left on base; Connecticut 25 - Idaho Falls 0
Thursday, March 31st , 2022 - OOTP Baseball 22.12 Build 89